 Dungeon Crawl Stone Soup version 0.31-a0-818-ge7c7cf74f0 (webtiles) character file.

Game seed: 4108287903443247665

54 Kurtz the Chopper (level 3, -6/26 HPs)
             Began as an Octopode Fighter on Sept 22, 2023.
             Was an Initiate of Okawaru.
             Mangled by Ijyb
             ... wielding a +3 dagger of venom
              (8 damage)
             ... on level 3 of the Dungeon.
             The game lasted 00:01:52 (2744 turns).

Kurtz the Chopper (Octopode Fighter)                Turns: 2744, Time: 00:01:53

Health: -6/26      AC: -3    Str: 17    XL:     3   Next: 91%
Magic:  3/3        EV: 13    Int: 10    God:    Okawaru [......]
Gold:   180        SH:  4    Dex: 11    Spells: 2/2 levels left

rFire   . . .        a - +0 war axe
rCold   . . .        b - +0 buckler
rNeg    . . .        (helmet restricted)
rPois   .            (no amulet)
rElec   .            (no ring)
rCorr   .            (no ring)
SInv    .            (no ring)
Will    .....        (no ring)
Stlth   ++           (no ring)
HPRegen 0.24/turn    (no ring)
MPRegen 0.08/turn    (no ring)
                     (no ring)

%: no passive effects
@: lethally poisoned (-6 -> -20), corroded
A: almost no armour, amphibious, 8 rings, camouflage 1, gelatinous body 1,
(nimble swimmer 1), tentacles
a: Renounce Religion


You were on level 3 of the Dungeon.
You worshipped Okawaru.
Okawaru was noncommittal.
You visited 1 branch of the dungeon, and saw 3 of its levels.

You collected 180 gold pieces.

Inventory:

Hand Weapons
 a - a +0 war axe (weapon)
Missiles
 p - 6 poisoned darts
Armour
 b - a +0 buckler (worn)
Talismans
 k - a blade talisman
Wands
 o - a wand of iceblast (9)
Scrolls
 d - 2 scrolls of brand weapon {unknown}
 f - a scroll of immolation {unknown}
 i - 2 scrolls of enchant armour {unknown}
 j - a scroll of fear {unknown}
 l - a scroll of identify {unknown}
Potions
 c - a potion of might
 e - 2 potions of curing {unknown}
 g - a potion of invisibility {unknown}
 h - a potion of enlightenment {unknown}
 m - a potion of heal wounds {unknown}
 n - a potion of cancellation {unknown}


   Skills:
 + Level 3.0 Fighting
 * Level 3.8 Axes
 * Level 3.0 Dodging
 * Level 3.1 Shields
 * Level 0.3 Invocations


You had 2 spell levels left.
You didn't know any spells.
Your spell library contained the following spells:

 Spells                   Type           Power      Damage    Failure   Level
 Static Discharge         Conj/Air       0%         2-2/arc   58%         2
 Dazzling Flash           Conj/Hex       0%         N/A       82%         3
 Volatile Blastmotes      Fire/Tloc      0%         2d10      82%         3
 Airstrike                Air            0%         2d(0-16)  99%         4
 Starburst                Conj/Fire      0%         6d3       100%        6
 Maxwell's Capacitive Co  Air            0%         ∞         100%        8
 Summon Lightning Spire   Summ/Air       Unusable   N/A       N/A         4

Dungeon Overview and Level Annotations

Branches:
Dungeon (3/15)

Altars:
Nemelex Xobeh
Okawaru
Ru
Trog
The Shining One

Annotations:
D:3 Ijyb


Innate Abilities, Weirdness & Mutations

You cannot wear most types of armour.
You are amphibious.
You can wear up to eight rings at the same time.
Your skin changes colour to match your surroundings (Stealth+).
Your rubbery body absorbs attacks. (AC +1, EV +1)
((You are camouflaged when in or above water. (Stealth+)))
You have tentacles for arms and can constrict up to eight enemies at once.


Message History

Found a glowing golden altar of the Shining One.
There is an open door here.
There is an open door here.
Found a helmet.
Found a sparkling altar of Nemelex Xobeh.
There is a fountain of sparkling water here.
There is a fountain of sparkling water here.
There is a fountain of sparkling water here.
An endoplasm comes into view.
The endoplasm quivers.
An endoplasm is nearby!
Ijyb the Twisted Goblin comes into view.
She is wielding a +3 dagger of venom and carrying a wand of acid.
There are monsters nearby!
You hit the endoplasm.
You squeeze the endoplasm, but do no damage.
The endoplasm is severely wounded.
The endoplasm hits you.
You slash the endoplasm!
You kill the endoplasm!
Okawaru accepts your kill.
Ijyb shouts!
You barely miss Ijyb. You grab Ijyb. You squeeze Ijyb.
Ijyb is lightly wounded.
You constrict Ijyb, but do no damage.
Ijyb hits you with a +3 dagger of venom.
You are poisoned.
You completely miss Ijyb.
Ijyb is lightly wounded.
You constrict Ijyb, but do no damage.
You feel very sick.
Ijyb zaps a wand.
The bolt of acid hits you! The acid corrodes you!
You are too injured to fight recklessly!
You barely miss Ijyb.
Ijyb is lightly wounded.
You constrict Ijyb.
You feel sick.
Ijyb hits you with a +3 dagger of venom!
* * * LOW HITPOINT WARNING * * *
You are more poisoned.
Ijyb hits you with a +3 dagger of venom!
You die...

### ###
####################.####.##
.#...#.....................#
.#.#.#.#############..###.##
.#.#.#.# ...# #..#.#.#
.#.#.#.# #####.###..#.#.#
.#.#.#.# #..........#...#
.#.#.#.# #.###.####.#####
.....#.# #@##......#
##.###.# #g##.#.##.#
.....#.# #.##.#.# .#
.#####.# #.## #.# .#
.......# #.# #.# .#
.########## #.# #.# .#
......##..## #.# #.. ..
...####[...# #.# ### .)
......#_.⌠.##


You could see Ijyb.

Vanquished Creatures
  An adder (D:3)
  An orc (D:3)
  2 endoplasms
  2 giant cockroaches
  5 goblins
  7 hobgoblins
  4 jackals (D:3)
  3 kobolds
  2 quokkas
  5 ball pythons
  2 bats (D:2)
  A frilled lizard (D:1)
  4 rats
39 creatures vanquished.

Notes
Turn   | Place    | Note
-------+----------+-------------------------------------------
     0 | D:1      | Kurtz the Octopode Fighter began the quest for the Orb.
     0 | D:1      | Reached XP level 1. HP: 16/16 MP: 1/1
   111 | D:1      | Found a faded altar of an unknown god.
   129 | D:1      | Found a faded altar of an unknown god.
   306 | D:1      | Reached XP level 2. HP: 20/21 MP: 2/2
   984 | D:2      | Reached XP level 3. HP: 25/26 MP: 3/3
  1010 | D:2      | Found a bloodstained altar of Trog.
  1674 | D:3      | Found an iron altar of Okawaru.
  1710 | D:3      | Became a worshipper of Warmaster Okawaru
  2520 | D:3      | Found a sacrificial altar of Ru.
  2521 | D:3      | Found a glowing golden altar of the Shining One.
  2617 | D:3      | Found a sparkling altar of Nemelex Xobeh.
  2737 | D:3      | Noticed Ijyb
  2744 | D:3      | Mangled by Ijyb

Illustrated notes

Levels and vault maps discovered:
D:1:      giann_wishing_wells, layout_basic,
          hellmonk_ecumenical_altar_the_god_not_taken
D:2:      layout_basic, basic_altar, serial_bayou_lake_a
D:3:      kennysheep_big_flooded_room, layout_basic,
          mainiacjoe_overflow_alcove_4, nemelex_xobeh_ov_fountains_minmay,
          gammafunk_temple_overflow_pools, serial_forest,
          infiniplex_forest_lined_room_2, infiniplex_forest_straight_3,
          infiniplex_forest_clump_large, infiniplex_forest_zigzag_1,
          infiniplex_forest_corner_2, hangedman_feature_mirror, uniq_ijyb

Skill      XL: |  1  2 |
---------------+-------+-----
Axes           | 3 |  3.8
Fighting       | |  3.0
Dodging        | |  3.0
Shields        | |  3.1
Invocations    | |  0.3

Action                     || total
---------------------------++-------
  Melee: War axe           ||    62
         Constrict         ||    15
         Tentacles         ||    13
         Punch             ||     1
   Stab: Sleeping          ||    10
 Armour: Skin              ||    25
  Dodge: Dodged            ||    27
  Block: Buckler           ||    12

Table legend: (Time is in decaauts)
 A = Elapsed time spent in this place.
 B = Non-inter-level travel time spent in this place.
 C = Inter-level travel time spent in this place.
 D = Time resting spent in this place.
 E = Time spent auto-exploring this place.
 F = Levels seen in this place.
 G = Mean time per level.
                   A        B        C        D        E       F      G
               +--------+--------+--------+--------+--------+-----+--------+
         Total |   2769 |   2384 |    385 |      0 |   2103 |   3 |  923.0 |
       Dungeon |   2769 |   2384 |    385 |      0 |   2103 |   3 |  923.0 |
               +--------+--------+--------+--------+--------+-----+--------+

Top non-repeatable levels by time:
     D:3: 1096 daAuts
     D:1: 844 daAuts
     D:2: 829 daAuts
